Map: Hard Lead LE

Players

Fonsder

  • Race: Terran Terran
  • League: Platinum
  • Spawn Location: 11:00

SubN - Winner!

  • Race: Zerg Zerg
  • League: Diamond
  • Spawn Location: 5:00

VOD

Have the link to the VOD?

Description

Time

  • Played on: Dec. 26, 2023, 5:58 p.m.
  • Length: 8:42
Show
View Real Time Build Order
Export as new Build Order

Fonsder Terran 

Build Orders: Gas First Reaper Expand 

Get SALT Encoding   

  12  0:00  SCV  
  13  0:16  Supply Depot  
  13  0:17  SCV  
  14  0:24  Refinery  
  14  0:29  SCV  
  15  0:41  Barracks  
  15  0:45  SCV  
  16  0:57  SCV  
  17  1:09  SCV  
  18  1:21  SCV  
  19  1:28  Reaper  
  20  1:35  Command Center  
  20  1:46  Factory  
  20  1:52  Refinery  
  20  2:03  Marine  
  20  2:08  Orbital Command  
  21  2:50  Marine  
  22  2:53  Factory Tech Lab  
  22  2:55  Starport  
  22  2:57  SCV x2  
  23  3:10  Supply Depot  
  23  3:11  Marine  
  24  3:16  Siege Tank  
  26  3:27  SCV  
  26  3:29  Marine  
  26  3:32  Medivac  
  30  3:39  SCV  
  31  3:47  Marine  
  32  3:49  Siege Tank  
  32  3:54  Orbital Command  
  35  3:57  SCV  
  36  4:02  Medivac  
  36  4:05  Marine  
  36  4:09  SCV  
  40  4:21  Siege Tank, SCV  
  40  4:22  Marine  
  45  4:34  SCV  
  46  4:44  Orbital Command  
  46  5:17  Supply Depot x2  
  46  5:32  Command Center  
  46  5:38  Viking, Marine, SCV  
  50  5:46  SCV  
  51  5:50  SCV  
  51  5:52  Siege Tank  
  51  5:56  Marine  
  56  5:58  SCV  
  56  6:03  SCV  
  58  6:09  Supply Depot  
  58  6:18  Supply Depot  
  58  6:23  SCV x2  
  60  6:27  Refinery, Medivac  
  60  6:28  Refinery  
  62  6:35  Supply Depot, Barracks Tech Lab  
  62  6:40  Supply Depot  
  62  6:50  Barracks  
  62  6:53  Barracks x2, SCV x2  
  64  6:55  Engineering Bay  
  64  6:57  Medivac  
  64  6:58  Supply Depot, Engineering Bay  
  66  7:05  SCV x2  
  68  7:17  SCV x2  
  68  7:21  Siege Tank  
  73  7:26  Marauder  
  73  7:29  SCV x2  
  77  7:40  Armory  
  77  7:41  SCV x2  
  77  7:43  Supply Depot  
  79  7:47  Marauder  
  81  7:53  SCV  
  81  7:54  Barracks Tech Lab  
  81  7:56  Barracks Reactor x2  
  82  8:06  Supply Depot, SCV x2  
  82  8:08  Starport Reactor  
  82  8:09  Marauder  
  86  8:18  SCV  
Show
View Real Time Build Order
Export as new Build Order

SubN Zerg - Winner!

Build Orders: Hatch First 

Get SALT Encoding   

  12  0:00  Drone  
  13  0:12  Overlord  
  13  0:16  Drone  
  14  0:30  Drone x2  
  16  0:50  Hatchery  
  16  0:51  Drone  
  16  0:54  Drone  
  17  0:57  Drone  
  17  1:01  Extractor  
  17  1:14  Spawning Pool  
  17  1:17  Drone  
  17  1:20  Drone  
  18  1:27  Drone  
  19  1:39  Overlord  
  19  1:50  Drone  
  20  2:02  Queen x2  
  20  2:04  Zergling x4  
  26  2:12  Zergling x2  
  26  2:15  Metabolic Boost  
  27  2:20  Zergling x2  
  28  2:24  Zergling x4  
  29  2:43  Hatchery  
  27  2:45  Zergling x4  
  29  2:51  Queen  
  29  2:54  Drone  
  29  2:57  Drone  
  33  3:03  Drone x2  
  35  3:10  Drone  
  36  3:19  Overlord x2  
  36  3:37  Drone x6  
  42  3:53  Drone x2  
  42  3:54  Queen  
  46  3:56  Drone  
  46  3:57  Overlord  
  47  4:04  Drone x3  
  50  4:12  Overlord  
  50  4:13  Overlord  
  50  4:17  Drone x5  
  50  4:22  Queen  
  57  4:30  Queen  
  59  4:32  Drone x5  
  64  4:38  Overlord  
  64  4:46  Zergling x8  
  67  5:00  Drone x7  
  67  5:06  Extractor  
  73  5:08  Extractor  
  73  5:10  Drone x3, Extractor  
  73  5:11  Drone  
  73  5:12  Drone  
  76  5:15  Extractor  
  76  5:17  Drone x4  
  79  5:30  Roach Warren  
  79  5:35  Overlord x2  
  78  5:37  Drone x3  
  78  5:39  Overlord  
  78  5:40  Overlord x3  
  81  5:56  Lair  
  81  5:57  Extractor  
  81  5:58  Drone x2  
  81  5:59  Drone x2  
  81  6:00  Drone  
  85  6:10  Overlord x3  
  85  6:14  Roach x7  
  99  6:24  Roach  
  99  6:25  Roach x2  
  105  6:30  Drone  
  105  6:31  Baneling Nest  
  105  6:38  Drone x3  
  108  6:45  Drone  
  109  6:50  Ravager x4  
  109  6:53  Ravager  
  114  7:10  Hatchery  
  113  7:22  Glial Reconstitution  
  113  7:24  Drone  
  113  7:28  Zergling x22, Spore Crawler  
  113  7:29  Zergling x14  
  131  7:31  Ravager x5  
  136  7:41  Spore Crawler  
  135  7:47  Zergling x2  
  135  7:48  Zergling x18  
  145  7:51  Baneling  
  145  7:52  Baneling x17  
  145  8:00  Hatchery  
  144  8:07  Spire  
  144  8:12  Overseer x2  
  145  8:15  Overseer  
Tags
 
Add a new tag
Caveats
  • Supply blocks, unpowered buildings, or Contaminate may cause inaccurate times.
  • Supply counts are checked every 10 seconds.